 Dungeon Crawl Stone Soup version 0.29.1-12-g30fa7ad0bf (webtiles) character file.

Game seed: 13815651329124702946

4122 Radix the Geomancer (level 10, -9/50 HPs)
             Began as a Gargoyle Earth Elementalist on Dec 20, 2022.
             Was a Believer of Vehumet.
             Mangled by a yak (15 damage)
             ... on level 9 of the Dungeon.
             The game lasted 00:38:54 (8081 turns).

Radix the Geomancer (Gargoyle Earth Elementalist)   Turns: 8081, Time: 00:38:54

Health: -9/50      AC: 15    Str:  6    XL:     10   Next: 27%
Magic:  6/22       EV: 12    Int: 27    God:    Vehumet [**....]
Gold:   414        SH:  0    Dex: 12    Spells: 21/25 levels left

rFire   + . .      SeeInvis +   x - staff of earth
rCold   . . .      Faith    .   (no shield)
rNeg    + + .      Spirit   .   a - +0 robe
rPois   ∞          Reflect  +   q - +0 helmet
rElec   +          Harm     +   L - +2 cloak {Will+}
rCorr   +          Rampage  .   v - +0 pair of gloves "Ucemm" {-Tele rF+ Str-5 Int+6}
Will    +....      NoTele   +   A - +0 pair of boots
Stlth   +.........              y - amulet "Ruun Kiw" {Reflect Harm Dex+2 SH+5 SInv}
HPRegen 0.16/turn               r - ring of positive energy
MPRegen 0.18/turn               K - ring of resist corrosion

@: confused, ambrosia-drunk
A: sickness immunity, AC +7, negative energy resistance 1, electricity
resistance, torment resistance 1, petrification resistance
a: Renounce Religion


You were on level 9 of the Dungeon.
You worshipped Vehumet.
Vehumet was pleased with you.
You visited 2 branches of the dungeon, and saw 10 of its levels.

You collected 434 gold pieces.
You spent 20 gold pieces at shops.

Inventory:

Hand Weapons
 c - a +0 dagger
 n - a +1 flail of venom
 G - a +3 rapier of venom
 I - a +4 flail
Armour
 a - a +0 robe (worn)
 m - a +0 cloak
 q - a +0 helmet (worn)
 v - the +0 pair of gloves "Ucemm" (worn) {-Tele rF+ Str-5 Int+6}
   (You found it on level 3 of the Dungeon)

   Str:       It affects your strength (-5).
   Int:       It affects your intelligence (+6).
   rF:        It protects you from fire.
   -Tele:     It prevents most forms of teleportation.
 w - a +0 pair of gloves
 A - a +0 pair of boots (worn)
 L - a +2 cloak of willpower (worn)
Magical Staves
 h - a staff of air
 x - a staff of earth (weapon)
Jewellery
 r - a ring of positive energy (left hand)
 u - a ring of ice
 y - the amulet "Ruun Kiw" (around neck) {Reflect Harm Dex+2 SH+5 SInv}
   (You found it on level 4 of the Dungeon)

   [amulet of reflection]

   It reflects blocked missile attacks.
   Dex:       It affects your dexterity (+2).
   SInv:      It lets you see invisible.
   SH:        It affects your SH (+5).
   Harm:      It increases damage dealt and taken.
 K - a ring of resist corrosion (right hand)
Wands
 p - a wand of acid (9)
 t - a wand of digging (21)
 M - a wand of iceblast (11)
 O - a wand of polymorph (12)
Scrolls
 e - 2 scrolls of vulnerability
 g - 2 scrolls of magic mapping
 l - a scroll of butterflies
 z - a scroll of identify
 B - 2 scrolls of poison {unknown}
 E - a scroll of amnesia
 F - a scroll of teleportation
 N - a scroll of blinking
Potions
 b - a potion of magic
 d - 2 potions of mutation
 f - 2 potions of degeneration
 i - 3 potions of cancellation
 j - a potion of berserk rage
 k - 2 potions of attraction
 o - a potion of ambrosia
 s - 2 potions of curing
 C - 2 potions of flight {unknown}
 D - 2 potions of heal wounds {unknown}
 H - a potion of brilliance {unknown}
 J - a potion of resistance {unknown}


   Skills:
 - Level 1.5 Dodging
 - Level 2.1 Stealth
 + Level 8.3 Spellcasting
 + Level 8.3 Conjurations
 - Level 0.7 Transmutations
 + Level 11.1 Earth Magic


You had 21 spell levels left.
You knew the following spells:

 Your Spells              Type           Power      Damage    Failure   Level
a - Sandblast             Erth           100%       2d20      1%          1
b - Stone Arrow           Conj/Erth      100%       3d13      1%          3

Your spell library contained the following spells:

 Spells                   Type           Power      Damage    Failure   Level
 Searing Ray              Conj           100%       2d8       1%          2
 Magic Dart               Conj           100%       1d8       1%          1
 Passwall                 Tmut/Erth      49%        N/A       1%          2
 Petrify                  Tmut/Erth      59%        N/A       4%          4
 Hailstorm                Conj/Ice       33%        3d8       9%          4
 Spider Form              Tmut/Pois      13%        N/A       13%         3
 Confusing Touch          Hex            11%        N/A       16%         3
 Ozocubu's Armour         Ice            11%        N/A       16%         3
 Portal Projectile        Hex/Tloc       22%        N/A       16%         3
 Tukima's Dance           Hex            11%        N/A       16%         3
 Irradiate                Conj/Tmut      17%        3d17      22%         5
 Freezing Cloud           Conj/Ice/Air   13%        6-21      41%         5
 Blade Hands              Tmut           7%         N/A       71%         5
 Yara's Violent Unravell  Hex/Tmut       6%         3d5       77%         5
 Orb of Destruction       Conj           27%        9d9       80%         7
 Simulacrum               Ice/Necr       5%         N/A       100%        6
 Enfeeble                 Hex            5%         N/A       100%        7
 Ozocubu's Refrigeration  Ice            5%         4d8       100%        7
 Polar Vortex             Ice            5%         N/A       100%        9


Dungeon Overview and Level Annotations

Branches:
Dungeon (9/15)             Temple (1/1) D:5
   Lair: D:8-11         Orc: D:9-12

Altars:
Ashenzari
Cheibriados
Dithmenos
Elyvilon
Fedhas
Gozag
Hepliaklqana
Kikubaaqudgha
Makhleb
Nemelex Xobeh
Okawaru
Qazlal
Ru
Sif Muna
Trog
Uskayaw
Vehumet
Wu Jian
Xom
Yredelemnul
Zin
The Shining One

Shops:
D:1 ?

Annotations:
D:4 Dowan, Duvessa
D:7 3 runed translucent doors, venomsnake's ghost, novice MiBe


Innate Abilities, Weirdness & Mutations

You are immune to sickness and miasma.
Your stone body is resilient. (AC +7)
You are immune to poison.
You resist negative energy. (rN+)
You are resistant to electric shocks. (rElec)
You are resistant to unholy torment.
You are immune to petrification.


Message History

Vehumet accepts your kill.
Your Earth Magic skill increases to level 11!
Casting: Stone Arrow (safe; 1% risk of failure)
Confirm with . or Enter, or press ? or * to list all spells.
Aiming: Stone Arrow (safe; 1% risk of failure)
Press: ? - help, Shift-Dir - straight line, f - yak
Aim: a yak (severely wounded, 87% to hit)
You feel a surge of power!
The stone arrow hits the yak!!
You kill the yak!
Vehumet accepts your kill.
You feel your power returning.
Casting: Stone Arrow (safe; 1% risk of failure)
Confirm with . or Enter, or press ? or * to list all spells.
Aiming: Stone Arrow (safe; 1% risk of failure)
Press: ? - help, Shift-Dir - straight line, f - yak
Aim: a yak (87% to hit)
You feel a surge of power!
The stone arrow hits the yak!
The yak is heavily wounded.
The yak misses you.
Unknown command.
Casting: Stone Arrow (safe; 1% risk of failure)
Confirm with . or Enter, or press ? or * to list all spells.
Aiming: Stone Arrow (safe; 1% risk of failure)
Press: ? - help, Shift-Dir - straight line, f/p - yak
Aim: a yak (heavily wounded, 87% to hit)
You feel a surge of power!
The stone arrow hits the yak!
You kill the yak!
Vehumet accepts your kill.
Aiming: Sandblast (safe; 1% risk of failure)
Press: ? - help, Q - select action, (/) - cycle Shift-Dir - straight line, f - yak
Aim: a yak (91% to hit)
You feel a surge of power!
The blast of sand hits the yak!!
The yak is almost dead.
The yak gores you!
* * * LOW HITPOINT WARNING * * *
The yak gores you!
* * * LOW HITPOINT WARNING * * *
You are confused.
You feel invigorated. The yak gores you!
You die...

######. .......
#########.......
#......@Y.......
#.#######.......
#.# .>..... #.#
....... #.#
....... #.#
####### #.# #.#
#.#


You could see a yak.

Vanquished Creatures
  Grinder (D:5)
  A slime creature (D:7)
  4 yaks (D:9)
  A wyvern (D:8)
  2 steam dragons
  2 water moccasins
  3 ice beasts
  An ogre (D:6)
  3 bullfrogs
  A gnoll sergeant (D:7)
  2 scorpions (D:4)
  10 wights
  6 killer bees (D:8)
  12 jellies
  A howler monkey (D:4)
  3 electric eels (D:6)
  2 hounds
  3 orc priests (D:7)
  A gnoll bouda (D:9)
  Crazy Yiuf (D:5)
  2 iguanas
  3 orc wizards
  4 adders
  6 gnolls
  A shadow imp (D:5)
  A white imp (D:7)
  3 worms
  5 dart slugs
  23 orcs
  8 ball pythons
  6 bats
  19 endoplasms
  7 giant cockroaches
  5 goblins
  5 hobgoblins
  3 kobolds
  A quokka (D:1)
  3 frilled lizards
  7 rats
  A spectral orc (D:4)
173 creatures vanquished.

Vanquished Creatures (others)
  11 fungi
  3 plants
14 creatures vanquished.

Grand Total: 187 creatures vanquished

Notes
Turn   | Place    | Note
-------+----------+-------------------------------------------
     0 | D:1      | Radix the Gargoyle Earth Elementalist began the quest for
                  | the Orb.
     0 | D:1      | Reached XP level 1. HP: 10/10 MP: 3/3
   159 | D:1      | Reached skill level 4 in Earth Magic
   159 | D:1      | Reached XP level 2. HP: 10/15 MP: 0/5
   840 | D:1      | Reached XP level 3. HP: 19/19 MP: 1/6
   944 | D:1      | Found Ekluq's Magic Scroll Emporium.
   952 | D:1      | Bought a scroll of identify for 20 gold pieces
  1360 | D:2      | Reached XP level 4. HP: 24/24 MP: 3/8
  1945 | D:2      | Reached skill level 5 in Earth Magic
  2278 | D:3      | Found a faded altar of an unknown god.
  2382 | D:3      | Found a burning altar of Makhleb.
  2450 | D:3      | Identified the +0 pair of gloves "Ucemm" {-Tele rF+ Str-5
                  | Int+6}
  3007 | D:4      | Identified the amulet "Ruun Kiw" {Reflect Harm Dex+2 SH+5
                  | SInv}
  3049 | D:4      | Found a hazy altar of Hepliaklqana.
  3107 | D:4      | Reached XP level 5. HP: 28/28 MP: 8/10
  3280 | D:4      | Reached skill level 6 in Earth Magic
  3280 | D:4      | Reached XP level 6. HP: 32/32 MP: 10/12
  3432 | D:4      | Noticed Dowan
  3433 | D:4      | Noticed Duvessa
  3651 | D:4      | Learned a level 3 spell: Stone Arrow
  3719 | D:5      | Entered Level 5 of the Dungeon
  3838 | D:5      | Found a blossoming altar of Fedhas.
  4088 | D:5      | Noticed Grinder
  4093 | D:5      | Killed Grinder
  4094 | D:5      | Reached XP level 7. HP: 36/36 MP: 8/14
  4236 | D:5      | Reached skill level 5 in Spellcasting
  4236 | D:5      | Reached skill level 7 in Earth Magic
  4311 | D:5      | Found a stormy altar of Qazlal.
  4382 | D:5      | Found a staircase to the Ecumenical Temple.
  4389 | Temple   | Entered the Ecumenical Temple
  4478 | Temple   | Became a worshipper of Vehumet
  4733 | D:5      | Found a runed translucent door.
  4734 | D:5      | Noticed Crazy Yiuf
  4738 | D:5      | Killed Crazy Yiuf
  5032 | D:6      | Reached XP level 8. HP: 37/41 MP: 12/16
  5355 | D:6      | Reached skill level 8 in Earth Magic
  5498 | D:6      | Reached skill level 5 in Conjurations
  5860 | D:6      | Identified a scroll of acquirement
  5860 | D:6      | Acquired Radix's Handbook of Blasts
  5895 | D:7      | Found a runed translucent gate.
  5897 | D:7      | Found a runed translucent gate.
  5899 | D:7      | Found a runed translucent gate.
  5900 | D:7      | Noticed venomsnake's ghost (novice MiBe)
  6055 | D:7      | Reached skill level 9 in Earth Magic
  6063 | D:7      | Reached XP level 9. HP: 39/45 MP: 14/18
  6068 | D:7      | Reached * piety under Vehumet
  6068 | D:7      | Offered knowledge of Foxfire by Vehumet.
  6477 | D:7      | Got the Codex of Transmogrification
  6688 | D:7      | Found a snail-covered altar of Cheibriados.
  6688 | D:7      | Found a bloodstained altar of Trog.
  6719 | D:7      | Reached skill level 10 in Earth Magic
  6734 | D:7      | Reached ** piety under Vehumet
  6734 | D:7      | Offered knowledge of Searing Ray by Vehumet.
  7558 | D:8      | Reached XP level 10. HP: 19/50 MP: 17/21
  8077 | D:9      | Reached skill level 11 in Earth Magic
  8081 | D:9      | Mangled by a yak

Illustrated notes

Levels and vault maps discovered:
D:1:      evilmike_arrival_crescent, layout_loops_ring, serial_shops,
          nicolae_square_shop, glass_columns_b
D:2:      wad_river_or_something, layout_basic
D:3:      layout_loops_cross, lightli_temple_of_fire,
          hellmonk_ecumenical_altar_leap_of_faith
D:4:      layout_gridville, nicolae_hepliaklqana_monster_ancestors, uniq_duvessa
D:5:      layout_basic, fedhas_altar_3, mainiacjoe_overflow_six_doors_small,
          minmay_temple_entry_junction, grunt_ministairs_5, roderic_lattice_a,
          uniq_grinder, uniq_crazy_yiuf_cottage
D:6:      layout_gridville, chequers_big_river, serial_bayou_ford_a,
          hangedman_decor_growths
D:7:      lemuel_slime, layout_loops_ring, gammafunk_temple_overflow_wave,
          gammafunk_ghost_split
D:8:      layout_gridville, minmay_crystal_room
D:9:      layout_basic
Temple:   lightli_temple_of_artemis

Skill      XL: |  1  2  3  4  5  6  7  8  9 10 |
---------------+-------------------------------+-----
Earth Magic    | 4 5 6 7 9 10 11 | 11.1
Spellcasting   | 3 4 5 6 7 8 |  8.3
Conjurations   | 2 3 5 7 8 |  8.3
Dodging        | |  1.5
Stealth        | |  2.1
Transmutations | |  0.7

Action                   |  1- 3 |  4- 6 |  7- 9 | 10-12 || total
-------------------------+-------+-------+-------+-------++-------
Melee: Staff             |       |     6 |     1 |       ||     7
 Cast: Sandblast         |    45 |    54 |   123 |    16 ||   238
       Stone Arrow       |       |       |       |     6 ||     6
  Use: Scroll            |     1 |       |    18 |       ||    19
       Potion            |       |       |       |     1 ||     1
Armor: Robe              |     5 |     2 |    22 |     3 ||    32
Dodge: Dodged            |     4 |     2 |    27 |     7 ||    40
Block: Other             |       |     2 |    19 |     2 ||    23
       Reflection        |       |       |     1 |       ||     1
